 Dungeon Crawl Stone Soup version 0.19-GnollCrawlA-1-g03664ee (webtiles) character file.

28 araganzar the Shield-Bearer (level 1, -1/20 HPs)
             Began as a Deep Dwarf Fighter on Sept 2, 2016.
             Slain by a gnoll
             ... wielding a +0 halberd
              (2 damage)
             ... on level 1 of the Dungeon.
             The game lasted 00:02:21 (61 turns).

araganzar the Shield-Bearer (Deep Dwarf Fighter)      Turns: 61, Time: 00:02:21

Health: -1/20      AC:  6    Str: 19    XL:     1   Next: 0%
Magic:  1/1        EV:  7    Int:  8    God:
Gold:   16         SH:  9    Dex: 12    Spells: 0 memorised, 0 levels left

rFire  . . .     SeeInvis .     a - +0 trident
rCold  . . .     Gourm    .     b - +0 scale mail
rNeg   . . .     Faith    .     c - +0 shield
rPois  .         Spirit   .     (no helmet)
rElec  .         Dismiss  .     (no cloak)
rCorr  .         Reflect  .     (no gloves)
SustAt .         Harm     .     (no boots)
MR     .....                    (no amulet)
Stlth  ..........               (no ring)
                                (no ring)

@: non-regenerating
A: damage resistance, recharge devices, sense surroundings 1, slow regeneration
3
a: Device Recharging


You were on level 1 of the Dungeon.
You were not hungry.

You visited 1 branch of the dungeon, and saw 1 of its levels.

You collected 16 gold pieces.


Innate Abilities, Weirdness & Mutations

You are resistant to damage.
You can recharge devices by infusing magical energy.
You passively map a small area around you.
You do not regenerate naturally.


   Skills:
 - Level 2.6 Fighting
 * Level 1.7 Polearms
 - Level 3.2 Armour
 + Level 3.2 Shields


You couldn't memorise any spells.
You didn't know any spells.

Dungeon Overview and Level Annotations

Branches:
Dungeon (1/15)
 Temple: D:1-2

Altars:

Inventory:

Hand Weapons
 a - a +0 trident (weapon)
Armour
 b - a +0 scale mail (worn)
 c - a +0 shield (worn)
Wands
 e - a wand of heal wounds (2/9)
Potions
 d - a potion of might
 g - a potion of curing {unknown}
Comestibles
 f - a bread ration

777777777..# , ,
7PP..PP..7.# , *
7PP..P..g7)# *
7..PP...P7g# , ,*, *
7..P.<.PP7.# * , ,*
7PP...P..7.#
7P...PP..7g##* ## * *
7...P..PP7..##..#...
,
7..PP..PP7..@.......
..777777777..###.....
** , ..., , .?...# *
,#.# ..# * .......#
*, $.. * ######.#* ,
#.# , ,, #.. * ## ,


You could see a gnoll.


Message History

Aim: a gnoll, wielding a gnoll (heavily wounded)
You reach to attack!
You closely miss the gnoll.
The gnoll is heavily wounded.
The gnoll barely misses you.
Attack whom?
Aim: a gnoll, wielding a spear (heavily wounded)
You reach to attack!
You barely miss the gnoll.
The gnoll is heavily wounded.
You block the gnoll's attack.
The gnoll hits you from afar with a spear.
Attack whom?
Aim: a gnoll, gnoll a gnoll (heavily wounded)
You reach to attack!
You closely miss the gnoll.
The gnoll is heavily wounded.
The gnoll hits you from afar with a spear.
* * * LOW HITPOINT WARNING * * *
Unknown command.
Unknown command.
Unknown command.
Attack whom?
Aim: a gnoll, wielding a spear (heavily wounded)
You reach to attack!
You gnoll the gnoll!
You kill the gnoll!
The gnoll hits you from afar with a halberd.
* * * LOW HITPOINT WARNING * * *
Unknown command.
Evoke which item? (* to show all) (? for menu, Esc to quit)
Zapping:
e - a wand of heal wounds (4/9)
You feel much better.
This wand has 3 charges left.
Attack whom?
Aim: a gnoll, wielding a halberd You reach to attack!
You closely miss the gnoll. The gnoll barely misses you.
Attack whom?
Aim: a gnoll, wielding a halberd You reach to attack!
Your scale mail prevents you from hitting the gnoll.
The gnoll barely misses you. The gnoll hits you but does no damage.
Attack whom?
Aim: a gnoll, wielding a halberd You reach to attack!
You barely miss the gnoll.
The gnoll hits you from afar with a halberd.
Attack whom?
Aim: a gnoll, wielding a halberd You reach to attack!
You closely miss the gnoll.
The gnoll hits you from afar with a halberd!
* * * LOW HITPOINT WARNING * * *
Unknown command.
Unknown command.
Attack whom?
Aim: a gnoll, wielding a halberd
Okay, then.
Evoke which item? (* to show all) (? for menu, Esc to quit)
Zapping:
e - a wand of heal wounds (3/9)
You feel much better.
This wand has 2 charges left.
Attack whom?
Aim: a gnoll, wielding a halberd You reach to attack!
You puncture the gnoll!
The gnoll is heavily wounded.
The gnoll hits you from afar with a halberd!
Ouch! That really hurt!
* * * LOW HITPOINT WARNING * * *
The gnoll hits you from afar with a halberd!
* * * LOW HITPOINT WARNING * * *
Attack whom?
Aim: a gnoll, wielding a halberd (heavily wounded)
You reach to attack!
Your shield and scale mail prevent you from hitting the gnoll.
The gnoll is heavily wounded.
The gnoll hits you from afar with a halberd.
You die...

Action                   || total
-------------------------++-------
Melee: Trident           ||    29
Evoke: Wand              ||     3
Armor: Scale mail        ||     5
Dodge: Dodged            ||     7
Block: Shield            ||    11

Vault maps used:
D:1:      scummos_arrival_checkerplants

Notes
Turn   | Place    | Note
-------+----------+-------------------------------------------
     0 | D:1      | araganzar the Deep Dwarf Fighter began the quest for the Orb.
     0 | D:1      | Reached XP level 1. HP: 20/20 MP: 1/1
    43 | D:1      | HP: 3/20 [gnoll/spear (3)]
    60 | D:1      | HP: 1/20 [gnoll/halberd (8)]
    61 | D:1      | Slain by a gnoll

Vanquished Creatures
  3 gnolls (D:1)
3 creatures vanquished.
